 Dungeon Crawl Stone Soup version 0.29.0 (webtiles) character file.

Game seed: 8622694833669988671

319 gelatine the Sneak (level 6, 0/37 HPs)
             Began as an Octopode Venom Mage on Aug 25, 2022.
             Was a Believer of Trog.
             Slain by a gnoll sergeant
             ... wielding a +1 trident of freezing
              (16 damage)
             ... on level 4 of the Dungeon.
             The game lasted 00:10:31 (4657 turns).

gelatine the Sneak (Octopode Venom Mage)            Turns: 4657, Time: 00:10:32

Health: 0/37       AC:  1    Str: 10    XL:     6   Next: 45%
Magic:  9/9        EV: 13    Int: 17    God:    Trog [**....]
Gold:   392        SH:  0    Dex: 12    Spells: 8/9 levels left

rFire   . . .      SeeInvis .   u - +3 quarterstaff (chaos)
rCold   . . .      Faith    .   (shield currently unavailable)
rNeg    . . .      Spirit   .   (helmet restricted)
rPois   +          Reflect  .   (no amulet)
rElec   .          Harm     .   r - ring of poison resistance
rCorr   .          Rampage  .   (no ring)
Will    .....                   (no ring)
Stlth   ++++......              (no ring)
HPRegen 0.12/turn               (no ring)
MPRegen 0.11/turn               (no ring)
                                (no ring)
                                (no ring)

@: no status effects
A: almost no armour, amphibious, 8 rings, camouflage 1, gelatinous body 1,
(nimble swimmer 1), tentacles
a: Renounce Religion, Berserk, Trog's Hand


You were on level 4 of the Dungeon.
You worshipped Trog.
Trog was pleased with you.
You visited 1 branch of the dungeon, and saw 4 of its levels.

You collected 392 gold pieces.

Inventory:

Hand Weapons
 b - a +0 dagger
 h - a +0 arbalest of freezing
 s - a +2 mace of holy wrath
 u - a +3 quarterstaff of chaos (weapon)
 v - a +1 dagger of protection
Missiles
 e - a silver boomerang (quivered)
 g - 2 throwing nets
 k - 4 boomerangs
 t - 3 poisoned darts
Jewellery
 r - a ring of poison resistance (left tentacle)
Scrolls
 c - a scroll of noise
 i - 2 scrolls of teleportation
 j - a scroll of enchant weapon
 m - a scroll of blinking
Potions
 a - a potion of magic
 d - a potion of might
 f - a potion of curing
 o - a potion of flight {unknown}
 q - 2 potions of attraction {unknown}


   Skills:
 + Level 0.8 Fighting
 + Level 1.1 Short Blades
 + Level 0.6(0.9) Maces & Flails
 + Level 0.7(0.9) Staves
 + Level 4.0 Throwing
 + Level 2.6 Dodging
 + Level 4.5 Stealth
 - Level 2.3 Spellcasting
 - Level 1.2 Transmutations
 - Level 4.1 Poison Magic


You had 8 spell levels left.
You knew the following spells:

 Your Spells              Type           Power      Damage    Failure   Level
a - Sting                 Tmut/Pois      44%        1d5       6%          1

Your spell library contained the following spells:

 Spells                   Type           Power      Damage    Failure   Level
 Poisonous Vapours        Pois/Air       18%        N/A       12%         2
 Mephitic Cloud           Conj/Pois/Air  6%         N/A       32%         3
 Olgreb's Toxic Radiance  Pois           16%        N/A       34%         4


Dungeon Overview and Level Annotations

Branches:
Dungeon (4/15)
 Temple: D:4-7

Altars:
Fedhas
Makhleb
Sif Muna
Trog
Xom

Shops:
D:3 =


Innate Abilities, Weirdness & Mutations

You cannot wear most types of armour.
You are amphibious.
You can wear up to eight rings at the same time.
Your skin changes colour to match your surroundings (Stealth+).
Your rubbery body absorbs attacks. (AC +1, EV +1)
((You are camouflaged when in or above water. (Stealth+)))
You have tentacles for arms and can constrict up to eight enemies at once.


Message History

You are poisoned.
The adder poisons you!
You barely miss the adder. Your grab misses the adder.
The adder is heavily wounded.
You feel sick. The adder barely misses you. x2
You miss the adder. Your grab misses the adder. Your squeeze misses the adder.
The adder is heavily wounded.
You feel sick. The adder bites you.
You thump the adder!
You feel better.
You kill the adder!
Trog accepts your kill.
You feel sick.
You are no longer poisoned.
You see here an adder corpse.
There is a collapsed entrance here.
You can't go down here!
HP restored.
You see here a ball python corpse.
You see here a ball python corpse.
A gnoll sergeant is nearby!
You throw a silver boomerang. The gnoll sergeant shouts!
The silver boomerang hits the gnoll sergeant but does no damage.
The gnoll sergeant is lightly wounded.
You throw a silver boomerang.
The gnoll sergeant blocks the silver boomerang.
You throw a silver boomerang.
The silver boomerang barely misses the gnoll sergeant.
You throw a silver boomerang.
The silver boomerang hits the gnoll sergeant.
The gnoll sergeant is lightly wounded.
You throw a silver boomerang.
The silver boomerang barely misses the gnoll sergeant.
The gnoll shouts!
You throw a silver boomerang.
The silver boomerang barely misses the gnoll sergeant.
The gnoll sergeant hits you from afar with a +1 trident of freezing!
The gnoll sergeant freezes you!
The gnoll sergeant hits you with a +1 trident of freezing!
You die...

#≈≈≈≈≈# #≈###≈## ###≈#_'..##
...≈###≈..## ...≈≈≈≈≈...##
............#
............###########.
....................g>g.
............##..@g......
.......(.......#####.... .##
.............##......# # ...
...........##...###### ###
....#.....##.......##
#########..#######..#############
##..#######.....†.......#
#......# ############.##
#..###.### #..#


You could see a gnoll sergeant and 2 gnolls.

Vanquished Creatures
  An ogre (D:4)
  A hound (D:4)
  Crazy Yiuf (D:3)
  2 iguanas (D:4)
  2 gnolls (D:4)
  5 adders
  2 dart slugs
  3 orcs
  5 endoplasms
  3 giant cockroaches
  5 goblins
  5 hobgoblins
  3 quokkas
  11 ball pythons
  A bat (D:1)
  4 frilled lizards
  11 kobolds
  4 rats
69 creatures vanquished.

Notes
Turn   | Place    | Note
-------+----------+-------------------------------------------
     0 | D:1      | gelatine the Octopode Venom Mage began the quest for the
                  | Orb.
     0 | D:1      | Reached XP level 1. HP: 11/11 MP: 3/3
   356 | D:1      | Reached XP level 2. HP: 8/17 MP: 0/5
  1089 | D:1      | Found a faded altar of an unknown god.
  1092 | D:1      | Prayed at the altar of an unknown god.
  1092 | D:1      | Became a worshipper of Trog the Wrathful
  1092 | D:1      | Reached * piety under Trog
  1387 | D:2      | Reached XP level 3. HP: 21/21 MP: 6/6
  1960 | D:3      | Found a shimmering altar of Xom.
  2365 | D:3      | Reached skill level 1 in Throwing
  2365 | D:3      | Reached XP level 4. HP: 26/27 MP: 7/7
  2392 | D:3      | Found Yseomee's Jewellery Shoppe.
  2444 | D:3      | Found a runed translucent door.
  2445 | D:3      | Noticed Crazy Yiuf
  2875 | D:3      | Found a shimmering blue altar of Sif Muna.
  2875 | D:3      | Found a burning altar of Makhleb.
  2930 | D:3      | Killed Crazy Yiuf
  2931 | D:3      | Reached skill level 1 in Short Blades
  3183 | D:4      | Noticed an ogre
  3199 | D:4      | Killed an ogre
  3200 | D:4      | Reached XP level 5. HP: 32/32 MP: 8/8
  3644 | D:4      | Reached ** piety under Trog
  3815 | D:4      | Reached XP level 6. HP: 18/37 MP: 9/9
  4014 | D:4      | Found a blossoming altar of Fedhas.
  4657 | D:4      | Slain by a gnoll sergeant

Illustrated notes

Levels and vault maps discovered:
D:1:      dpeg_arrival_orchard, layout_loops_cross,
          hellmonk_ecumenical_altar_inner_sanctum
D:2:      layout_basic
D:3:      layout_loops_ring, amcnicky_altar_gilded,
          amethyst_overflow_temple_binary, serial_shops, shop_coins,
          uniq_crazy_yiuf_cottage
D:4:      layout_rooms, kennysheep_mini_moat, portal_sewer_entry_a

Skill      XL: |  1  2  3  4  5  6 |
---------------+-------------------+-----
Poison Magic   | 4 |  4.1
Stealth        | 3 4 |  4.5
Throwing       | 1 3 4 |  4.0
Short Blades   | 1 |  1.1
Fighting       | |  0.8
Maces & Flails | |  0.6
Staves         | |  0.7
Dodging        | |  2.6
Spellcasting   | |  2.3
Transmutations | |  1.2

Action                   |  1- 3 |  4- 6 || total
-------------------------+-------+-------++-------
Melee: Dagger            |    35 |     3 ||    38
       Constrict         |     8 |     7 ||    15
       Tentacles         |     9 |     7 ||    16
       Punch             |     1 |     1 ||     2
       Mace              |       |    12 ||    12
       Quarterstaff      |       |    27 ||    27
Throw: Dart              |    26 |    12 ||    38
       Boomerang         |     5 |    75 ||    80
 Cast: Sting             |    31 |       ||    31
Invok: Berserk           |     1 |       ||     1
  Use: Scroll            |       |     8 ||     8
 Stab: Sleeping          |     4 |     1 ||     5
Armor: Skin              |     3 |       ||     3
Dodge: Dodged            |    18 |    35 ||    53
